Map: [ESL] Alcyone

Players

Lemon - Winner!

  • Race: Protoss Protoss
  • Spawn Location: 7:00

Nanami

  • Race: Protoss Protoss
  • Spawn Location: 1:00

Event: ESL SC2 Masters 2024 Spring (Regional)

VOD

Have the link to the VOD?

Description

Time

  • Played on: April 27, 2024, 5:17 a.m.
  • Length: 3:24

All games in this series

Show
View Real Time Build Order
Export as new Build Order

Lemon Protoss - Winner!

Build Orders:  

Get SALT Encoding   

  12  0:00  Probe  
  13  0:12  Probe  
  14  0:17  Pylon  
  14  0:24  Probe (Chrono Boost)  
  15  0:36  Probe (Chrono Boost), Gateway  
  16  0:44  Assimilator  
  16  0:45  Probe (Chrono Boost)  
  17  0:53  Probe (Chrono Boost)  
  17  0:55  Assimilator  
  18  1:06  Probe (Chrono Boost)  
  18  1:08  Gateway  
  19  1:13  Probe (Chrono Boost)  
  20  1:21  Forge  
  20  1:27  Zealot  
  22  1:38  Pylon  
  22  1:49  Cybernetics Core  
  22  1:58  Photon Cannon  
  22  2:00  Probe  
  23  2:12  Probe  
  24  2:16  Photon Cannon  
  24  2:24  Probe  
  24  2:25  Stalker (Chrono Boost)  
  25  2:48  Stalker  
  27  2:51  Probe  
Show
View Real Time Build Order
Export as new Build Order

Nanami Protoss 

Build Orders:  

Get SALT Encoding   

  12  0:00  Probe  
  13  0:12  Probe  
  14  0:24  Probe  
  15  0:45  Pylon  
  15  1:04  Gateway  
  15  1:06  Gateway  
  15  1:07  Forge  
  15  1:16  Pylon  
  15  1:40  Photon Cannon  
  15  1:42  Photon Cannon  
  15  1:45  Probe  
  16  1:50  Zealot (Chrono Boost)  
  16  1:52  Zealot (Chrono Boost)  
  20  2:08  Zealot (Chrono Boost)  
  24  2:17  Zealot (Chrono Boost)  
  24  2:28  Pylon  
  24  2:33  Pylon  
  22  2:43  Zealot  
  22  2:48  Photon Cannon  
Tags
 
Add a new tag
Caveats
  • Supply blocks, unpowered buildings, or Contaminate may cause inaccurate times.
  • Supply counts are checked every 10 seconds.